 Dungeon Crawl Stone Soup version 0.24.1-4-ge52af88ad5 (webtiles) character file.

Game seed: 14997749780848137459, levelgen mode: deterministic

8395 Gruesph the Transmogrifier (level 11, -15/106 HPs)
             Began as a White Draconian Transmuter on Apr 15, 2020.
             Was an Elder of Okawaru.
             Demolished by a five-headed hydra (18 damage)
             ... on level 10 of the Dungeon.
             The game lasted 01:07:07 (15672 turns).

Gruesph the Transmogrifier (DrTm)                  Turns: 15672, Time: 01:07:08

Health: -15/106    AC:  6    Str: 14    XL:     11   Next: 9%
Magic:  22/23      EV: 16    Int: 14    God:    Okawaru [****..]
Gold:   458        SH:  0    Dex: 18    Spells: 0/14 levels left

rFire    x . .     SeeInvis .     - Unarmed
rCold    + + +     Gourm    .   (shield currently unavailable)
rNeg     . . .     Faith    .   (armour unavailable)
rPois    +         Spirit   .   (helmet currently unavailable)
rElec    .         Reflect  .   (cloak currently unavailable)
rCorr    +         Harm     .   (gloves currently unavailable)
MR       .....                  (boots currently unavailable)
Stlth    +++.......             (no amulet)
HPRegen  0.27/turn              g - ring of resist corrosion
MPRegen  0.18/turn              H - ring of magical power

@: agile, ice-form, slowed, very slow
A: large, (breathe frost), unfitting armour, AC +7
a: End Transformation, Heroism, Renounce Religion


You were on level 10 of the Dungeon.
You worshipped Okawaru.
Okawaru was greatly pleased with you.
You were not hungry.
You were a creature of crystalline ice.
You visited 2 branches of the dungeon, and saw 12 of its levels.
You also visited: Bailey.

You collected 458 gold pieces.

Inventory:

Hand Weapons
 b - a +1 hunting sling
Missiles
 a - 202 arrows
 h - 46 poisoned darts (quivered)
 j - 8 curare-tipped darts
 l - 336 stones
 v - 124 sling bullets
Armour
 t - a +1 pair of boots (melded)
 x - a scarf of repulsion (melded)
Jewellery
 g - a ring of resist corrosion (left front paw)
 H - a ring of magical power (right front paw)
Wands
 c - a wand of scattershot (2)
 w - a wand of iceblast (14)
 G - a wand of flame (26)
Scrolls
 d - 4 scrolls of enchant armour
 e - 7 scrolls of teleportation
 m - 2 scrolls of fog
 o - a scroll of magic mapping
 r - 3 scrolls of remove curse
 C - 2 scrolls of enchant weapon
 D - 3 scrolls of vulnerability
 E - a scroll of amnesia
Potions
 k - 3 potions of flight
 s - 2 potions of degeneration {unknown}
 u - a potion of agility
 y - a potion of cancellation {unknown}
 z - 3 potions of heal wounds {unknown}
 A - 2 potions of brilliance
 B - a potion of ambrosia {unknown}
Comestibles
 f - 11 rations
 i - 3 chunks of flesh


   Skills:
 + Level 6.0 Fighting
 - Level 2.0 Throwing
 + Level 3.2 Dodging
 - Level 11.0 Unarmed Combat
 - Level 2.0 Spellcasting
 - Level 11.1 Transmutations
 + Level 1.2 Ice Magic
 - Level 3.0 Poison Magic
 - Level 2.1 Invocations


You couldn't memorise any spells.
You knew the following spells:

 Your Spells              Type           Power        Failure   Level  Hunger
a - Blade Hands           Tmut           ####......   7%          5    ######.
b - Sticks to Snakes      Tmut           ####....     1%          2    ###....
c - Spider Form           Tmut/Pois      ###.......   3%          3    ####...
d - Ice Form              Ice/Tmut       ###.....     19%         4    #####..

Your spell library contained the following spells:

 Spells                   Type           Power        Failure   Level  Hunger
 Beastly Appendage        Tmut           ####..       1%          1    ##.....
 Magic Dart               Conj           #...         24%         1    ##.....
 Searing Ray              Conj           #.....       34%         2    ###....
 Dazzling Spray           Conj/Hex       #.....       56%         3    ####...
 Force Lance              Conj/Tloc      #.......     93%         4    #####..
 Fulminant Prism          Conj/Hex       #.........   93%         4    #####..
 Iskenderun's Mystic Bla  Conj           #.......     93%         4    #####..


Dungeon Overview and Level Annotations

Branches:
Dungeon (11/15)            Temple (1/1) D:7          Bailey (visited)
   Lair: D:8-11         Orc: D:9-12

Altars:
Ashenzari
Cheibriados
Dithmenos
Elyvilon
Fedhas
Gozag
Hepliaklqana
Kikubaaqudgha
Makhleb
Nemelex Xobeh
Okawaru
Qazlal
Ru
Sif Muna
Trog
Uskayaw
Vehumet
Wu Jian
Xom
Yredelemnul
Zin
The Shining One

Shops:
D:6 !   D:8 *   D:9 :

Annotations:
D:11 Erica


Innate Abilities, Weirdness & Mutations

((You can breathe waves of freezing cold.))
((You can buffet flying creatures when you breathe cold.))
((Your icy white scales are hard. (AC +7)))
You cannot fit into any form of body armour.
((Your flesh is cold resistant. (rC+)))
((You are cold-blooded and may be slowed by cold attacks.))


Message History

The five-headed hydra closely misses you.
The five-headed hydra misses you.
Your five-headed hydra completely misses the five-headed hydra.
Your five-headed hydra closely misses the five-headed hydra.
Your five-headed hydra bites the five-headed hydra.
Your five-headed hydra bites the five-headed hydra! x2
Okay, then.
You feel agile all of a sudden. The five-headed hydra bites you.
* * * LOW HITPOINT WARNING * * *
The five-headed hydra closely misses you.
The five-headed hydra bites you but does no damage.
The five-headed hydra completely misses you.
The five-headed hydra closely misses you.
Your five-headed hydra completely misses the five-headed hydra.
Your five-headed hydra bites the five-headed hydra! x2
Your five-headed hydra bites the five-headed hydra.
Your five-headed hydra completely misses the five-headed hydra.
The five-headed hydra bites you!!
You die...

............#...............#...#
.........รท..#...............#...#
#.##.###>.#'#################.###
...#..#.)D#..............#.......
...#..#...#..............#.......
...#..#...#..............#.......
...#..#...#..............#.......
#####.#.#'##########<.####..#####
#...#...#......DY.....#.....#....
#...#...#.....D.......'.....#....
#...#...#.............#.....#....
#...#...#.............#.....#....
#...######...######'###..#####'##
#........#...#........#..'......'
#........#...#........#..#......#
######'####'###'###'########...##
#...#.............#........#.....


You could see a five-headed hydra and a friendly five-headed hydra.

Vanquished Creatures
  2 two-headed ogres
  Pikel (D:9)
  A centaur skeleton (D:8)
  A hornet (D:10)
  A queen bee (D:10)
  2 hippogriffs (D:10)
  A shadow (D:9)
  2 hungry ghosts
  An orc warrior (D:6)
  4 sky beasts
  Purgy (D:3)
  2 black bears
  4 ice beasts
  4 ogres
  A phantom (D:5)
  A centaur (D:9)
  A crocodile (D:9)
  A big kobold (D:8)
  5 bullfrogs
  2 scorpions
  21 killer bees
  7 wights
  2 howler monkeys (D:10)
  6 crimson imps
  3 jellies
  A bullfrog zombie (D:9)
  5 bullfrog skeletons
  4 hounds
  11 orc priests
  2 gnoll shamans
  5 iguanas
  7 orc wizards
  8 worker ants
  A hound skeleton (D:4)
  A worker ant zombie (D:6)
  8 gnolls
  5 adders
  A shadow imp (D:5)
  An ooze (D:1)
  2 adder skeletons
  2 adder zombies
  2 worms (D:3)
  2 dart slugs (D:1)
  7 leopard geckos
  28 orcs
  7 bats
  9 giant cockroaches
  8 goblins
  8 hobgoblins
  15 jackals
  3 quokkas
  A ball python (D:1)
  3 frilled lizards (D:1)
  A jackal skeleton (D:4)
  33 kobolds
  2 leopard gecko skeletons (D:5)
  A quokka skeleton (D:4)
  13 rats
284 creatures vanquished.

Vanquished Creatures (collateral kills)
  A hornet (D:7)
  An ogre (D:10)
  A killer bee (D:9)
  4 orcs
7 creatures vanquished.

Vanquished Creatures (others)
  2 withered plants (D:9)
2 creatures vanquished.

Grand Total: 293 creatures vanquished

Notes
Turn   | Place    | Note
-------+----------+-------------------------------------------
     0 | D:1      | Gruesph the Draconian Transmuter began the quest for the
                  | Orb.
     0 | D:1      | Reached XP level 1. HP: 16/16 MP: 3/3
   341 | D:1      | Reached XP level 2. HP: 22/23 MP: 5/5
   350 | D:1      | Learned a level 2 spell: Sticks to Snakes
  1178 | D:1      | Reached XP level 3. HP: 26/29 MP: 6/6
  1183 | D:1      | Learned a level 3 spell: Spider Form
  1703 | D:2      | Found a stormy altar of Qazlal.
  1872 | D:2      | Found an iron altar of Okawaru.
  1888 | D:2      | Became a worshipper of Warmaster Okawaru
  1937 | D:2      | Found a burning altar of Makhleb.
  2164 | D:2      | Reached XP level 4. HP: 36/37 MP: 7/7
  2529 | D:3      | Reached skill level 1 in Poison Magic
  2564 | D:3      | Noticed Purgy
  2584 | D:3      | Killed Purgy
  2584 | D:3      | Reached XP level 5. HP: 17/45 MP: 4/8
  2815 | D:3      | Reached skill level 5 in Unarmed Combat
  4076 | D:4      | Noticed an ogre
  4084 | D:4      | Killed an ogre
  4084 | D:4      | Reached XP level 6. HP: 52/52 MP: 9/9
  4172 | D:4      | Reached * piety under Okawaru
  4679 | D:4      | Found an iron altar of Okawaru.
  4839 | D:4      | Reached skill level 1 in Invocations
  5115 | D:4      | Your scales start taking on an icy white colour.
  5115 | D:4      | Reached XP level 7. HP: 55/59 MP: 7/10
  5115 | D:4      | Gained mutation: Your flesh is cold resistant. (rC+) [White
                  | Draconian growth]
  5374 | D:5      | Entered Level 5 of the Dungeon
  5862 | D:5      | Found a sparkling altar of Nemelex Xobeh.
  6674 | D:5      | Got a smoking robe
  6705 | D:6      | Reached skill level 5 in Fighting
  6712 | D:6      | Learned a level 5 spell: Blade Hands
  6750 | D:6      | Reached ** piety under Okawaru
  6750 | D:6      | Reached XP level 8. HP: 62/68 MP: 11/11
  6981 | D:6      | Found a hide-covered altar of Uskayaw.
  7494 | D:6      | HP: 2/68 [orc warrior/+0 glaive (15)]
  7903 | D:6      | Found a hide-covered altar of Uskayaw.
  7925 | D:6      | Found a shadowy altar of Dithmenos.
  7938 | D:6      | Found Esobbun's Distillery.
  8066 | D:7      | Found an opulent altar of Gozag.
  8296 | D:7      | Found a staircase to the Ecumenical Temple.
  8307 | D:7      | Found a white marble altar of Elyvilon.
  8312 | D:7      | Found a radiant altar of Vehumet.
  8377 | D:7      | Reached skill level 5 in Transmutations
  8522 | D:7      | Noticed a hornet
  8531 | D:7      | Paralysed by a hornet for 2 turns
  8537 | D:7      | Killed a hornet
  8537 | D:7      | Reached *** piety under Okawaru
  8537 | D:7      | Reached XP level 9. HP: 32/74 MP: 8/12
  8916 | D:7      | Noticed a moth of wrath
  8918 | D:7      | Found a bloodstained altar of Trog.
  9064 | Temple   | Entered the Ecumenical Temple
  9324 | D:8      | Found a bloodstained altar of Trog.
  9602 | D:8      | Found Ziosyell's Assorted Antiques.
  9629 | D:8      | Noticed a two-headed ogre
  9638 | D:8      | Killed a two-headed ogre
  9638 | D:8      | Reached skill level 10 in Unarmed Combat
 10916 | D:9      | Reached **** piety under Okawaru
 10934 | D:9      | Found Foraq's Book Shop.
 10946 | D:9      | Reached XP level 10. HP: 81/81 MP: 10/13
 11987 | D:9      | Noticed Pikel
 12000 | D:9      | Killed Pikel
 12225 | D:9      | Found a shattered altar of Ashenzari.
 12253 | D:9      | Found an ancient bone altar of Kikubaaqudgha.
 12378 | D:9      | Got a faintly glowing long sword
 12456 | D:9      | Identified the +5 long sword of the Puffin {drain, +Fly rC-
                  | MR+++ Str+7} (You found it on level 9 of the Dungeon)
 12680 | D:9      | Identified a scroll of acquirement
 12681 | D:9      | Got a wavering ivory amulet
 12682 | D:9      | Identified the amulet "Egalurur" {Faith rF+++ rN+ Slay-5
                  | SInv} (You acquired it on level 9 of the Dungeon)
 12753 | D:10     | Entered Level 10 of the Dungeon
 12807 | D:10     | Found a flagged portal.
 12856 | Bailey   | Entered a bailey
 13251 | D:10     | Reached skill level 10 in Transmutations
 14000 | D:10     | Noticed a two-headed ogre
 14012 | D:10     | Killed a two-headed ogre
 14497 | D:10     | Reached XP level 11. HP: 44/89 MP: 14/14
 14507 | D:10     | Reached ***** piety under Okawaru
 14519 | D:10     | HP: 5/133 [killer bee (6)]
 15447 | D:10     | Learned a level 4 spell: Ice Form
 15520 | D:11     | Noticed a five-headed hydra
 15521 | D:11     | Noticed Erica
 15528 | D:10     | Reached skill level 1 in Ice Magic
 15672 | D:10     | HP: 3/106 [five-headed hydra (4)]
 15672 | D:10     | Demolished by a five-headed hydra

Levels and vault maps discovered:
D:1:      dpeg_arrival_prison, layout_basic, minmay_cut_off
D:2:      layout_loops_cross, grunt_qazlal_clouds, makhleb_blood_cavern_becter,
          okawaru_trees_2
D:3:      layout_basic, first_ration, chequers_big_river, grunt_ministairs_3,
          uniq_purgy
D:4:      layout_loops_ring, overflow_temple_1_default, minmay_cupped
D:5:      layout_basic, chequers_serial_rivers_small_a,
          nemelex_lonely_heart_becter
D:6:      layout_gridville, eat_drink_and_be_merry_uskayaw, basic_altar,
          serial_shops, shop, grunt_dithmenos_smoke_and_mirrors
D:7:      layout_cave_pools, tgw_trog,
          nicolae_gozag_cash_rules_everything_around_me,
          grunt_temple_overflow_open, minmay_temple_entry_waves,
          kennysheep_decorative_pillar
D:8:      layout_basic, serial_shops, shop_fountains, basic_altar
D:9:      layout_small_grid, kennysheep_little_box, kiku_gazebo_garden_becter,
          serial_shops, shop, uniq_pikel
D:10:     layout_grid_maze, special_room [special_room_bee], enter_bailey_6
D:11:     layout_long_grid, lair_entry_dummy, minmay_orc_entry_guard_dogs,
          serial_shops, freezing_bzr, special_room [special_room_orc],
          uniq_erica, uniq_urug
Temple:   minmay_temple_bridge_abc

Skill      XL: |  1  2  3  4  5  6  7  8  9 10 11 |
---------------+----------------------------------+-----
Fighting       | 2 3 4 5 6 |  6.0
Unarmed Combat | 4 5 6 7 9 10 11 | 11.0
Poison Magic   | 1 2 3 |  3.0
Invocations    | 1 2 |  2.1
Transmutations | 3 5 7 11 | 11.1
Throwing       | 2 |  2.0
Dodging        | 2 3 |  3.2
Ice Magic      | 1 |  1.2
Spellcasting   | |  2.0

Action                   |  1- 3 |  4- 6 |  7- 9 | 10-12 || total
-------------------------+-------+-------+-------+-------++-------
Melee: Unarmed           |   166 |   169 |   390 |   334 ||  1059
       Tailslap          |    17 |    17 |    53 |    44 ||   131
       Punch             |     2 |     2 |    12 |    18 ||    34
Throw: Dart              |     5 |    19 |    30 |     3 ||    57
 Cast: Sticks to Snakes  |     1 |     2 |    14 |     9 ||    26
       Spider Form       |       |     1 |     2 |     2 ||     5
       Blade Hands       |       |       |       |     2 ||     2
       Ice Form          |       |       |       |     2 ||     2
Invok: Heroism           |       |     1 |    21 |    17 ||    39
 Abil: Breathe Frost     |       |       |     1 |       ||     1
Evoke: Wand              |       |     2 |       |     2 ||     4
       Phantom mirror    |       |       |       |     1 ||     1
  Use: Scroll            |       |       |    17 |     9 ||    26
       Potion            |       |       |     1 |     6 ||     7
 Stab: Sleeping          |     1 |       |       |       ||     1
       Distracted        |       |       |       |     1 ||     1
  Eat: Chunk             |     4 |     6 |     9 |     7 ||    26
       Ration            |       |     1 |     4 |     3 ||     8
Armor: Skin              |    48 |    61 |    96 |   117 ||   322
Dodge: Dodged            |   106 |   103 |   220 |   364 ||   793
       Deflected         |       |       |       |    49 ||    49
